 Dungeon Crawl Stone Soup version 0.30.0-29-ga12c61a403 (webtiles) character file.

Game seed: 2297511865494313876

205 cdecastro the Trooper (level 5, -21/75 HPs)
             Began as an Armataur Berserker on June 20, 2023.
             Was a Believer of Trog.
             Killed from afar by Ijyb (23 damage)
             ... with a bolt of acid
             ... on level 4 of the Dungeon.
             The game lasted 00:05:06 (2729 turns).

cdecastro the Trooper (Armataur Berserker)          Turns: 2729, Time: 00:05:07

Health: -21/75     AC:  2    Str: 25    XL:     5   Next: 53%
Magic:  5/5        EV: 14    Int:  7    God:    Trog [**....]
Gold:   178        SH:  0    Dex:  9    Spells: 4/4 levels left

rFire   . . .        o - +0 long sword
rCold   . . .        (no shield)
rNeg    . . .        j - +0 ring mail
rPois   .            (no helmet)
rElec   .            (no cloak)
rCorr   .            (no gloves)
SInv    .            (no barding)
Will    .....        (no amulet) Stlth
                     d - +5 ring of evasion
HPRegen 0.32/turn    (no ring)
MPRegen 0.09/turn

%: roll
@: berserking, corroded, very quick
A: large, rugged brown scales 3, deformed body, armoured tail, roll, long
tongue, awkward tongue
a: Renounce Religion, Berserk, Trog's Hand


You were on level 4 of the Dungeon.
You worshipped Trog.
Trog was pleased with you.
You visited 1 branch of the dungeon, and saw 4 of its levels.

You collected 178 gold pieces.

Inventory:

Hand Weapons
 a - a +0 falchion
 o - a +0 long sword (weapon)
Missiles
 h - 3 silver javelins (quivered)
Armour
 b - a +0 animal skin
 j - a +0 ring mail (worn)
 t - a +0 chain mail
Jewellery
 d - a +5 ring of evasion (left hand)
 m - a +6 ring of intelligence
Scrolls
 e - a scroll of blinking {unknown}
 f - 2 scrolls of identify {unknown}
 i - a scroll of teleportation {unknown}
 k - a scroll of amnesia {unknown}
 l - a scroll of poison {unknown}
 u - a scroll of magic mapping {unknown}
Potions
 c - 2 potions of brilliance {unknown}
 g - a potion of invisibility {unknown}
 n - a potion of heal wounds {unknown}
 p - a potion of mutation {unknown}
 q - 2 potions of flight {unknown}
 r - a potion of ambrosia {unknown}
 s - a potion of might {unknown}


   Skills:
 + Level 4.4 Fighting
 + Level 4.4 Long Blades
 - Level 2.4 Armour
 - Level 1.3 Dodging


You had 4 spell levels left.
You didn't know any spells.
Your spell library was empty.

Dungeon Overview and Level Annotations

Branches:
Dungeon (4/15)
 Temple: D:4-7

Altars:
Nemelex Xobeh

Shops:
D:1 (

Annotations:
D:4 Ijyb


Innate Abilities, Weirdness & Mutations

You are completely covered in rugged brown scales. (AC +3, +7% HP)
Armour fits poorly on your strangely shaped body.
You have a long armoured tail.
You roll when moving toward enemies. (Rampage)
Your long tongue fully drains potion bottles. (2x potion effects)
Your tongue gives you trouble enunciating. (1.5x scroll delay)


Message History

An adder is nearby!
An adder is nearby!
You roll towards the adder!
You roll towards the adder!
Found a long sword.
You closely miss the adder. The adder bites you but does no damage.
The adder closely misses you.
You closely miss the adder. The adder barely misses you.
You hit the adder.
Your tail-slap misses the adder.
The adder is moderately wounded.
The adder bites you but does no damage. x2
You barely miss the adder.
The adder is moderately wounded.
The adder misses you.
You closely miss the adder.
The adder is moderately wounded.
The adder barely misses you. The adder bites you.
You are poisoned.
The adder poisons you!
You slash the adder!
You kill the adder!
Trog accepts your kill.
You feel sick.
You feel sick.
u - a scroll labelled NEROCRI EH VIENO You feel sick.
You feel sick.
You are no longer poisoned.
Ijyb the Twisted Goblin comes into view.
She is wielding a +0 club and carrying a wand of acid (10).
Ijyb shouts!
Ijyb screams, "I dance on your bones!"
Ijyb zaps a wand.
The bolt of acid hits you. The acid corrodes you!
Ijyb zaps a wand.
The bolt of acid hits you!
* * * LOW HITPOINT WARNING * * *
You roll towards Ijyb!
Ijyb zaps a wand.
The bolt of acid hits you!!
* * * LOW HITPOINT WARNING * * *
A red film seems to cover your vision as you go berserk!
You feel yourself moving faster!
You feel mighty! Ijyb barely misses you.
You hit Ijyb.
Ijyb is lightly wounded.
Ijyb zaps a wand.
The bolt of acid hits you!!
You die...

?..............
#######.######.
#.# #.# #.#
#.###.#..
#.......#
#.#######.###.###
#....g@...#
..#########......
)##### .. ..# ..#
..#


You could see Ijyb.

Vanquished Creatures
  A jelly (D:3)
  Natasha (D:2)
  Terence (D:2)
  4 adders
  A worm (D:2)
  A dart slug (D:1)
  9 orcs (D:3)
  6 ball pythons
  3 bats
  6 endoplasms
  2 giant cockroaches
  4 goblins
  6 hobgoblins
  6 jackals
  2 quokkas
  5 frilled lizards
  7 kobolds
  9 rats
74 creatures vanquished.

Notes
Turn   | Place    | Note
-------+----------+-------------------------------------------
     0 | D:1      | cdecastro the Armataur Berserker began the quest for the
                  | Orb.
     0 | D:1      | Reached XP level 1. HP: 19/19 MP: 1/1
    98 | D:1      | You fall into a shaft and drop 1 floor!
   187 | D:2      | Reached XP level 2. HP: 24/27 MP: 2/2
   530 | D:1      | Reached XP level 3. HP: 32/33 MP: 3/3
   839 | D:1      | Found Ela Hemn's Antique Weapon Shop.
   928 | D:2      | Noticed Natasha
   943 | D:2      | Killed Natasha
   996 | D:2      | Reached XP level 4. HP: 41/42 MP: 4/4
  1008 | D:2      | Found a faded altar of an unknown god.
  1033 | D:2      | Reached ** piety under Trog
  1136 | D:2      | Noticed Terence
  1146 | D:2      | Killed Terence
  1752 | D:3      | Reached XP level 5. HP: 47/49 MP: 5/5
  2220 | D:3      | Found a sparkling altar of Nemelex Xobeh.
  2725 | D:4      | Noticed Ijyb
  2727 | D:4      | HP: 1/50 [Ijyb/bolt of acid (23)]
  2729 | D:4      | Killed from afar by Ijyb

Illustrated notes

Levels and vault maps discovered:
D:1:      dpeg_arrival_ratfight, layout_basic, serial_shops,
          nicolae_shop_crystal
D:2:      layout_loops_corners, hellmonk_ecumenical_altar_crossroads,
          uniq_terence, uniq_natasha
D:3:      layout_basic, nemelex_dance_club_becter
D:4:      layout_loops_cross, mainiacjoe_overflow_small_starburst,
          grunt_temple_overflow_open, uniq_blork_the_orc, uniq_robin, uniq_ijyb,
          uniq_edmund

Skill      XL: |  1  2  3  4 |
---------------+-------------+-----
Fighting       | 3 4 |  4.4
Long Blades    | 3 4 |  4.4
Armour         | |  2.4
Dodging        | |  1.3

Action                     |  1- 3 |  4- 6 || total
---------------------------+-------+-------++-------
  Melee: Falchion          |   101 |    73 ||   174
         Tailslap          |    11 |    11 ||    22
         Punch             |     1 |       ||     1
         Long sword        |       |   119 ||   119
 Invoke: Berserk           |       |     3 ||     3
   Stab: Sleeping          |     1 |       ||     1
 Armour: Animal skin       |    27 |       ||    27
         Ring mail         |       |    56 ||    56
  Dodge: Dodged            |    58 |   133 ||   191
